 Dungeon Crawl Stone Soup version 0.32-a0-876-gcfddb08e57 (webtiles) character file.

Game seed: 10086364523308000077

163845 jasper the Slayer (level 17, -13/210 HPs)
             Began as an Oni Berserker on Mar 31, 2024.
             Was an Elder of Trog.
             Mangled by a yaktaur captain (19 damage)
             ... on level 1 of the Vaults.
             The game lasted 00:53:50 (38163 turns).

jasper the Slayer (Oni Berserker)                  Turns: 38163, Time: 00:53:51

Health: -13/210    AC: 17    Str: 31    XL:     17   Next: 54%
Magic:  5/5        EV: 10    Int:  8    God:    Trog [****..]
Gold:   4042       SH:  0    Dex:  8    Spells: 16/16 levels left

rFire   + . .        u - +5 giant spiked club (antimagic)
rCold   + + +        (shield currently unavailable)
rNeg    . . .        U - +0 ice dragon scales
rPois   +            (helmet restricted)
rElec   +            v - +2 cloak of Ehoin {rElec rPois rCorr}
rCorr   +            (gloves unavailable)
SInv    .            (boots unavailable)
Will    +....        C - amulet of regeneration Stlth
                     S - ring of flight
HPRegen 1.35/turn    X - ring of protection from fire
MPRegen 0.09/turn

%: no passive effects
@: resistant, frozen, flying, very slow
A: large, unfitting armour, horns 1, tough skin 1, double potion healing,
drunken brawling
}: 1/15 runes: decaying
a: Renounce Religion, Berserk, Trog's Hand, Brothers in Arms


You were on level 1 of the Vaults.
You worshipped Trog.
Trog was greatly pleased with you.
You visited 6 branches of the dungeon, and saw 28 of its levels.
You also visited: Bailey, Gauntlet and Ice Cave.

You collected 4979 gold pieces.
You spent 937 gold pieces at shops.

Inventory:

Hand Weapons
 u - a +5 antimagic giant spiked club (weapon)
 z - a +2 morningstar of protection
 F - a +0 giant spiked club
Missiles
 e - 6 curare-tipped darts
 m - 23 boomerangs (quivered)
 s - 6 throwing nets
 J - 19 javelins
 M - 5 silver javelins
 N - 27 large rocks
Armour
 v - the +2 cloak of Ehoin (worn) {rElec rPois rCorr}
   (You found it in a Gauntlet)

   rElec:     It insulates you from electricity.
   rPois:     It protects you from poison.
   rCorr:     It protects you from acid and corrosion.
 Q - +0 swamp dragon scales
 U - +0 ice dragon scales (worn)
Jewellery
 i - a ring of willpower
 B - an amulet of the acrobat
 C - an amulet of regeneration (around neck)
 S - a ring of flight (left hand)
 W - a +4 ring of slaying
 X - a ring of protection from fire (right hand)
Wands
 g - a wand of charming (22)
 h - a wand of mindburst (7)
 A - a wand of digging (12)
 L - a wand of roots (19)
Scrolls
 b - 3 scrolls of poison
 c - 4 scrolls of vulnerability
 n - 2 scrolls of fear
 p - 4 scrolls of enchant armour
 r - 9 scrolls of teleportation
 t - 4 scrolls of noise
 y - a scroll of silence
 D - 3 scrolls of revelation
 G - 10 scrolls of identify
 H - 2 scrolls of enchant weapon
 P - 6 scrolls of butterflies
 V - 3 scrolls of blinking
 Y - 4 scrolls of fog
Potions
 f - 6 potions of attraction
 k - 3 potions of cancellation
 l - 7 potions of haste
 o - 2 potions of mutation
 q - 2 potions of might
 w - 3 potions of curing
 x - 4 potions of lignification
 K - 7 potions of enlightenment
 O - 4 potions of magic
 R - a potion of ambrosia
 T - a potion of resistance
 Z - 5 potions of berserk rage
Miscellaneous
 d - a condenser vane (inert)
 j - a Gell's gravitambourine (inert)
 E - a lightning rod (inert)
 I - a phantom mirror


   Skills:
 - Level 22.6 Fighting
 + Level 20.1 Maces & Flails
 - Level 10.8 Armour
 - Level 11.2 Dodging


You had 16 spell levels left.
You didn't know any spells.
Your spell library contained the following spells:

 Spells                   Type           Power      Damage    Failure   Level
 Hailstorm                Conj/Ice       0%         3d5       95%         3
 Summon Ice Beast         Ice/Summ       0%         N/A       95%         3
 Maxwell's Portable Pile  Tloc           0%         2d(5-10)  100%        4
 Arcjolt                  Conj/Air       0%         1d10      100%        5
 Summon Mana Viper        Hex/Summ       0%         N/A       100%        5
 Monstrous Menagerie      Summ           0%         N/A       100%        7
 Maxwell's Capacitive Co  Air            0%         ∞         100%        8
 Polar Vortex             Ice            0%         N/A       100%        9


Dungeon Overview and Level Annotations

Branches:
Dungeon (15/15)            Temple (0/1) D:4            Lair (5/5) D:9
  Swamp (4/4) Lair:3       Spider (1/4) Lair:2        Slime (0/5) Lair:4
    Orc (2/2) D:12            Elf (0/3) Orc:2        Vaults (1/5) D:14
 Depths (0/4) D:15         Bailey (visited)           IceCv (visited)
Gauntlet (visited)

Altars:
Cheibriados
Elyvilon
Kikubaaqudgha
Nemelex Xobeh
Trog
Xom
The Shining One
Beogh
Jiyva

Shops:
D:2 [   D:3 *   D:6 !=[   D:7 [   D:10 (   Orc:1 *   Orc:2 (:=*[

Annotations:
D:6 2 transporters, 1 runed translucent door, TwadoKnight's ghost, novice MiFi
Spider:1 Asterion


Innate Abilities, Weirdness & Mutations

You are too large for most types of armour.
You have a pair of small horns on your head.
You have tough skin. (AC +1)
You gain doubled healing and magic from potions.
Whenever you drink a healing potion, you attack all around you.


Message History

Flame seeps out of the ironbound preserver.
You take 4 damage, and have 31/210 hp.
Okay, then.
You feel protected.
Flame seeps out of the yaktaur captain.
Flame seeps out of the ironbound frostheart.
Flame seeps out of the ironbound preserver.
The vault warden is engulfed in poison gas.
The vault warden looks even sicker.
Flame seeps out of the vault warden.
The vault warden hits you with a +3 great mace!!
* * * LOW HITPOINT WARNING * * *
Flame seeps out of the ironbound preserver.
The ironbound preserver is engulfed in poison gas.
The ironbound preserver looks as sick as possible!
Flame seeps out of the ironbound preserver.
The ironbound frostheart is engulfed in blazing flames.
Flame seeps out of the ironbound frostheart.
Trog accepts your kill.
Trog appreciates your killing of a magic user.
The ironbound preserver explodes!
The fiery explosion engulfs the yaktaur!!
Flame seeps out of the yaktaur.
The yaktaur is heavily wounded.
The fiery explosion engulfs the ironbound frostheart!!!
Flame seeps out of the ironbound frostheart.
The ironbound frostheart is almost dead.
The fiery explosion engulfs the yaktaur!!!
Trog accepts your kill.
The yaktaur explodes!
The fiery explosion engulfs the ironbound frostheart!!!
Trog accepts your kill.
Trog appreciates your killing of a magic user.
The fiery explosion engulfs the yaktaur!!
Trog accepts your kill.
The yaktaur explodes!
The ironbound frostheart explodes!
The yaktaur captain is engulfed in poison gas.
The yaktaur captain looks even sicker.
Flame seeps out of the yaktaur captain.
The yaktaur captain unwields a +0 arbalest.
The yaktaur captain hits you!!
You die...

...####.....#
#..§§§# .
#..§§§# ..
#..§§§# ...
###§§§# ....
#§§§# ....c
#§§§#
....§§######§§§#
.....○§§§.p@§§§#
....§§○§§§c§§§§#
.....§§§§§§§§§§#
################


You could see a vault warden (inner flame, sheltered, very poisoned, magic
disrupted) and a yaktaur captain (inner flame, sheltered, very poisoned).

Vanquished Creatures
  A tentacled monstrosity (Swamp:2)
  A thorn hunter (Swamp:2)
  A fenstrider witch (Swamp:4)
  Louise (D:15)
  The ghost of Leufodd the Unseen, an adept VSCK of Xom (Swamp:4)
  An orc warlord (Orc:2)
  An ironbound preserver (Vaults:1)
  6 eleionomae
  Nessos (D:13)
  A minotaur (Gauntlet)
  4 bunyips
  A dire elephant (D:15)
  A shambling mangrove (Swamp:1)
  An entropy weaver (shapeshifter) (D:9)
  9 hydras
  3 ice dragons (Swamp:4)
  3 merfolk avatars (Swamp:4)
  Harold (Lair:2)
  2 spriggan air magi (Swamp:2)
  7 alligators
  A catoblepas (Lair:5)
  An ironbound frostheart (Vaults:1)
  A rakshasa (D:14)
  5 centaur warriors
  4 boulder beetles
  A ghost crab (Swamp:3)
  A death scarab (Gauntlet)
  6 two-headed ogres
  A tengu warrior (D:14)
  2 orc high priests (Orc:2)
  6 death yaks (Lair:3)
  A spriggan berserker (Swamp:2)
  Sonja (D:10)
  3 skysharks
  A pharaoh ant (Spider:1)
  Lodul (D:12)
  5 spriggan druids
  An arcanist (Vaults:1)
  7 goliath frogs
  A lindwurm (Lair:2)
  A death drake (Gauntlet)
  2 orb spiders (Spider:1)
  3 bog bodies
  2 ironbound convokers (Vaults:1)
  4 swamp dragons
  A spectral wolf spider (Gauntlet)
  A steelbarb worm (Spider:1)
  4 orc knights
  A deep elf pyromancer (D:13)
  6 ugly things (D:14)
  4 orc sorcerers (Orc:2)
  3 will-o-the-wisps
  5 manticores
  6 cyclopes
  4 meliai
  A moth of wrath (D:10)
  8 black mambas
  Joseph (D:8)
  4 kobold blastminers
  12 elephants
  An ice statue (IceCv)
  A torpor snail (Lair:2)
  2 vault sentinels (Vaults:1)
  3 gargoyles
  A kobold demonologist (D:11)
  A minotaur zombie (Gauntlet)
  11 cane toads
  Psyche (D:8)
  4 yaktaurs
  An efreet (D:13)
  6 komodo dragons
  3 tengu conjurers (D:13)
  5 freezing wraiths
  2 anaconda simulacra (IceCv)
  An ice devil (IceCv)
  2 polar bears
  5 trolls
  10 tyrant leeches
  18 blink frogs
  12 dream sheep
  14 hornets
  9 slime creatures
  A tarantella (Lair:2)
  4 jumping spiders (Lair:2)
  19 spriggans
  4 shadows
  A wraith (D:13)
  A culicivora (Lair:2)
  4 wyverns
  2 dire elephant simulacra (IceCv)
  6 basilisks
  38 yaks
  A death yak simulacrum (IceCv)
  16 humans (D:14)
  4 swamp worm simulacra (Swamp:4)
  3 wargs
  4 redbacks
  13 vampire mosquitoes
  A spectral cane toad (Gauntlet)
  16 hydra simulacra
  14 swamp worms
  3 acid dragons (D:11)
  8 water moccasins
  A spectral hornet (Gauntlet)
  4 swamp drakes
  6 black bears
  17 orc warriors
  A sky beast (D:7)
  3 ice beasts
  4 laughing skulls (D:15)
  36 wolves
  18 ogres
  9 boggarts
  8 centaurs
  A phantom (D:5)
  2 kobold brigands
  13 bullfrogs
  2 cane toad simulacra (IceCv)
  3 gnoll sergeants
  A scorpion (D:6)
  8 two-headed ogre simulacra (IceCv)
  A burial acolyte (D:8)
  4 wights (D:4)
  An elephant simulacrum (IceCv)
  12 killer bees
  2 electric eels (D:3)
  6 howler monkeys
  4 hounds
  7 orc priests
  A sleepcap (D:7)
  3 iguanas (D:5)
  13 orc wizards
  5 spriggan simulacra (IceCv)
  3 polar bear simulacra (IceCv)
  6 troll simulacra (IceCv)
  A wolf simulacrum (IceCv)
  2 hound zombies (D:8)
  Robin (D:4)
  22 gnolls
  6 naga simulacra (IceCv)
  13 adders
  2 shadow imps (D:8)
  8 white imps (IceCv)
  4 ufetubi (IceCv)
  4 swamp drake simulacra (Swamp:4)
  An adder zombie (D:8)
  5 dart slugs
  3 ribbon worms
  51 orcs
  6 bats
  5 endoplasms
  7 giant cockroaches
  2 gnoll zombies (D:8)
  18 goblins
  11 hobgoblins
  A jackal (D:2)
  2 quokkas
  7 ball pythons
  3 frilled lizards
  31 kobolds
  2 kobold zombies (D:8)
  4 rats
873 creatures vanquished.

Vanquished Creatures (collateral kills)
  Rupert (D:13)
  Snorg (D:10)
  A yaktaur captain (Vaults:1)
  A goblin (Bailey)
4 creatures vanquished.

Vanquished Creatures (others)
  A bog body (IceCv)
  2 bloated husks
  A redback (Spider:1)
  An orc warrior (Bailey)
  A kobold (D:10)
  18 foxfires
24 creatures vanquished.

Grand Total: 901 creatures vanquished

Notes
Turn   | Place    | Note
-------+----------+-------------------------------------------
     0 | D:1      | jasper the Oni Berserker began the quest for the Orb.
     0 | D:1      | Reached XP level 1. HP: 24/24 MP: 1/1
   272 | D:1      | Reached XP level 2. HP: 31/32 MP: 2/2
   551 | D:1      | You fall into a shaft and drop 1 floor!
   777 | D:1      | Reached XP level 3. HP: 40/40 MP: 3/3
  1367 | D:2      | Found Pugiwnack's Antique Armour Shoppe.
  1461 | D:2      | Reached XP level 4. HP: 44/49 MP: 4/4
  1855 | D:3      | Reached ** piety under Trog
  1872 | D:3      | Reached skill level 5 in Fighting
  1910 | D:3      | Found a transporter.
  1985 | D:3      | Reached skill level 5 in Maces & Flails
  1985 | D:3      | Reached XP level 5. HP: 53/57 MP: 5/5
  2216 | D:3      | Found Fisifolo's General Store.
  2229 | D:3      | Bought a potion of heal wounds for 55 gold pieces
  2229 | D:3      | Bought a potion of cancellation for 88 gold pieces
  2229 | D:3      | Bought a scroll of identify for 22 gold pieces
  2229 | D:3      | Bought a scroll of identify for 22 gold pieces
  2285 | D:3      | Found a transporter.
  2646 | D:3      | Reached XP level 6. HP: 7/67 MP: 6/6
  2891 | D:4      | Reached skill level 6 in Fighting
  2999 | D:4      | Noticed Robin
  3194 | D:4      | Killed Robin
  3331 | D:4      | Reached XP level 7. HP: 75/76 MP: 7/7
  3333 | D:4      | Identified the +4 quarterstaff "Zugeris" {protect, rElec
                  | rC- Str+3 Stlth+}
  3588 | D:4      | Reached skill level 7 in Fighting
  3687 | D:4      | Found a staircase to the Ecumenical Temple.
  3859 | D:5      | Entered Level 5 of the Dungeon
  4511 | D:5      | Reached XP level 8. HP: 87/88 MP: 8/8
  4541 | D:5      | Reached skill level 8 in Fighting
  5250 | D:6      | Found a sparkling altar of Nemelex Xobeh.
  5252 | D:6      | Noticed a gargoyle
  5254 | D:6      | Found a transporter.
  5265 | D:6      | Found a transporter.
  5297 | D:6      | Found a snail-covered altar of Cheibriados.
  5845 | D:6      | Reached skill level 9 in Fighting
  6098 | D:6      | Found a shimmering altar of Xom.
  6148 | D:6      | Found Acaomor's Distillery.
  6148 | D:6      | Found Giefomae's Jewellery Boutique.
  6171 | D:6      | Found Bixa's Armour Boutique.
  6411 | D:6      | Found a runed translucent door.
  6412 | D:6      | Noticed a two-headed ogre
  6412 | D:6      | Noticed TwadoKnight's ghost (novice MiFi)
  6430 | D:6      | Reached XP level 9. HP: 98/98 MP: 9/9
  7186 | D:7      | Noticed a hornet
  7197 | D:7      | Killed a hornet
  7198 | D:7      | Reached skill level 10 in Maces & Flails
  7285 | D:7      | Found Muof's Antique Armour Shoppe.
  7288 | D:7      | Bought a jewelled robe for 159 gold pieces
  7288 | D:7      | Identified the +1 robe of the Orb {rCorr Dex+2} (You bought
                  | it in a shop on level 7 of the Dungeon)
  7649 | D:7      | Reached skill level 10 in Fighting
  7941 | D:8      | Noticed a two-headed ogre
  7959 | D:8      | Killed a two-headed ogre
  8045 | D:8      | Noticed Joseph
  8060 | D:8      | Killed Joseph
  8149 | D:8      | Reached XP level 10. HP: 92/110 MP: 10/10
  8150 | D:8      | Noticed Psyche
  8161 | D:8      | Killed Psyche
  8351 | D:8      | Found an ancient bone altar of Kikubaaqudgha.
  8360 | D:8      | Reached *** piety under Trog
  8969 | D:9      | Noticed a meliai
  8970 | D:9      | Noticed a gargoyle
  8970 | D:9      | Noticed a manticore
  9266 | D:9      | Noticed a manticore
  9267 | D:9      | Noticed an entropy weaver
  9277 | D:9      | Killed an entropy weaver
  9281 | D:9      | Killed a manticore
  9345 | D:9      | Killed a meliai
  9380 | D:10     | Entered Level 10 of the Dungeon
  9415 | D:9      | Reached XP level 11. HP: 78/117 MP: 11/11
  9418 | D:9      | Reached skill level 15 in Maces & Flails
  9442 | D:9      | Found a flagged portal.
  9458 | Bailey   | Entered a bailey
  9603 | Bailey   | Noticed an orc knight
  9877 | Bailey   | Killed an orc knight
 10636 | D:10     | Noticed a moth of wrath
 10639 | D:10     | Found a bloodstained altar of Trog.
 10655 | D:10     | Reached **** piety under Trog
 10812 | D:10     | Killed a moth of wrath
 10827 | D:10     | Noticed a two-headed ogre
 10842 | D:10     | Reached skill level 1 in Armour
 10845 | D:10     | Killed a two-headed ogre
 10919 | D:10     | Noticed a centaur warrior
 10934 | D:10     | Killed a centaur warrior
 10935 | D:10     | Reached skill level 11 in Fighting
 11144 | D:10     | Noticed Snorg
 11152 | D:10     | Killed Snorg
 11231 | D:10     | Noticed Sonja
 11242 | D:10     | Killed Sonja
 11585 | D:10     | Noticed a cyclops
 11591 | D:10     | Killed a cyclops
 11752 | D:10     | Found Vehen's Antique Weapon Shoppe.
 11908 | D:11     | Reached skill level 12 in Fighting
 11918 | D:11     | Reached XP level 12. HP: 64/132 MP: 12/12
 12179 | D:11     | Identified the +1 mace of the Ageless Queens {drain, rElec
                  | rC+ SInv}
 12714 | D:9      | Identified the +8 halberd "Goseino" {speed, Int+6}
 12752 | D:9      | Reached skill level 13 in Fighting
 12752 | D:9      | Reached skill level 5 in Dodging
 12869 | D:9      | Found a glowing golden altar of the Shining One.
 12928 | D:9      | Found a staircase to the Lair.
 13006 | Lair:1   | Entered Level 1 of the Lair of Beasts
 13619 | Lair:1   | Reached skill level 14 in Fighting
 13800 | Lair:1   | Noticed a boulder beetle
 13811 | Lair:1   | Killed a boulder beetle
 14025 | Lair:1   | Reached skill level 5 in Armour
 14703 | Lair:2   | Reached skill level 15 in Fighting
 14850 | Lair:2   | Reached XP level 13. HP: 149/149 MP: 13/13
 15081 | Lair:2   | Found a hole to the Spider Nest.
 15464 | Lair:2   | Reached ***** piety under Trog
 15516 | Lair:2   | Noticed Harold
 15527 | Lair:2   | Killed Harold
 15672 | Lair:2   | Reached skill level 16 in Fighting
 16923 | Lair:3   | Reached skill level 17 in Fighting
 17540 | Lair:3   | Reached XP level 14. HP: 162/167 MP: 14/14
 18008 | Lair:3   | Found a staircase to the Swamp.
 18232 | Lair:4   | Reached skill level 18 in Fighting
 19044 | Lair:4   | Found a viscous altar of Jiyva.
 19044 | Lair:4   | Found a staircase to the Slime Pits.
 19487 | Lair:5   | Entered Level 5 of the Lair of Beasts
 19832 | Lair:5   | Identified the +2 great mace "Vyzxaryo" {flame, *Rage
                  | Str+6} (Trog gifted it to you on level 5 of the Lair of
                  | Beasts)
 19832 | Lair:5   | Received a gift from Trog
 19954 | Lair:5   | Reached skill level 19 in Fighting
 21629 | D:12     | Noticed Lodul
 21645 | D:12     | Killed Lodul
 21898 | D:12     | Found a frozen archway.
 21963 | IceCv    | Entered an ice cave
 22425 | IceCv    | Received a gift from Trog
 23303 | IceCv    | Reached skill level 20 in Fighting
 23491 | IceCv    | Reached XP level 15. HP: 161/183 MP: 15/15
 23586 | IceCv    | Got the Precepts of Hypothermia
 24083 | D:12     | Found a staircase to the Orcish Mines.
 24764 | Orc:1    | Entered Level 1 of the Orcish Mines
 24800 | Orc:1    | Found Koefek's General Store.
 24808 | Orc:1    | Bought a scroll of teleportation for 39 gold pieces
 24808 | Orc:1    | Bought a scroll of immolation for 52 gold pieces
 25076 | Orc:2    | Entered Level 2 of the Orcish Mines
 25115 | Orc:2    | Found Laud's Antique Weapon Shop.
 25158 | Orc:2    | Found a staircase to the Elven Halls.
 25184 | Orc:2    | Found a roughly hewn altar of Beogh.
 25206 | Orc:2    | Reached skill level 10 in Dodging
 25222 | Orc:2    | Found Pifeph's Book Emporium.
 25249 | Orc:2    | Found Jezotzoa's Jewellery Emporium.
 25304 | Orc:2    | Found a gate leading to a gauntlet.
 25329 | Gauntlet | Entered a Gauntlet
 25329 | Gauntlet | Found a transporter.
 25350 | Gauntlet | Found a transporter.
 25365 | Gauntlet | Found a transporter.
 25369 | Gauntlet | Found the +7 Spriggan's Knife {stab, EV+4 Stlth+}
 25370 | Gauntlet | Found a transporter.
 25385 | Gauntlet | Found a transporter.
 25407 | Gauntlet | Found a transporter.
 25416 | Gauntlet | Found a transporter.
 25428 | Gauntlet | Found a transporter.
 25434 | Gauntlet | Found a transporter.
 25449 | Gauntlet | Found a transporter.
 25461 | Gauntlet | Found a transporter.
 25478 | Gauntlet | Found a transporter.
 25496 | Gauntlet | Found a transporter.
 25498 | Gauntlet | Found a transporter.
 25523 | Gauntlet | Found a transporter.
 25525 | Gauntlet | Found a transporter.
 25545 | Gauntlet | Found a transporter.
 25569 | Gauntlet | Found a transporter.
 25955 | Gauntlet | Identified the +2 cloak of Ehoin {rElec rPois rCorr}
 26159 | Orc:2    | Noticed an orc warlord
 26208 | Orc:2    | Killed an orc warlord
 26237 | Orc:2    | Reached skill level 21 in Fighting
 26604 | Orc:2    | Found Pimineph's General Store.
 26625 | Orc:2    | Bought a scroll of teleportation for 51 gold pieces
 26625 | Orc:2    | Bought a potion of curing for 51 gold pieces
 26625 | Orc:2    | Bought a scroll of fear for 68 gold pieces
 26656 | Orc:2    | Found Dyugisih's Antique Armour Shop.
 27560 | D:13     | Reached skill level 10 in Armour
 27704 | D:13     | Received a gift from Trog
 27706 | D:13     | Noticed Nessos
 27721 | D:13     | Killed Nessos
 27971 | D:13     | Noticed Rupert
 27972 | D:13     | Paralysed by Rupert for 2 turns
 27978 | D:13     | Killed Rupert
 28586 | D:14     | Found a gate to the Vaults.
 28636 | D:14     | Identified a scroll of acquirement
 28637 | D:14     | Acquired 518 gold pieces
 28895 | D:14     | Reached skill level 22 in Fighting
 28914 | D:14     | Reached XP level 16. HP: 161/200 MP: 16/16
 29174 | D:14     | Identified the +0 quarterstaff "Micile" {flame, Dex+3}
 29884 | D:15     | Entered Level 15 of the Dungeon
 29884 | D:15     | Noticed Louise
 29892 | D:15     | Killed Louise
 30000 | D:15     | Found a staircase to the Depths.
 30481 | D:15     | Found a white marble altar of Elyvilon.
 30904 | Swamp:1  | Entered Level 1 of the Swamp
 31831 | Swamp:1  | You are sucked into a shaft and drop 1 floor!
 32509 | Swamp:2  | Noticed a tentacled monstrosity
 32516 | Swamp:2  | Killed a tentacled monstrosity
 33496 | D:6      | Bought an amulet of regeneration for 330 gold pieces
 33815 | Swamp:3  | Noticed a thorn hunter
 33942 | Swamp:2  | Killed a thorn hunter
 34706 | Swamp:4  | Entered Level 4 of the Swamp
 34709 | Swamp:4  | Reached XP level 17. HP: 180/210 MP: 5/17
 34952 | Swamp:4  | Found a runed translucent door.
 34983 | Swamp:4  | Noticed Leufodd's ghost (adept VSCK)
 34997 | Swamp:4  | Killed Leufodd's ghost
 36381 | Swamp:4  | Received a gift from Trog
 37258 | Swamp:4  | Got a decaying rune of Zot
 37409 | Spider:1 | Entered Level 1 of the Spider Nest
 37679 | Spider:1 | Noticed Asterion
 37932 | Vaults:1 | Entered Level 1 of the Vaults
 38163 | Vaults:1 | HP: 6/210 [vault warden/+3 great mace (26)]
 38163 | Vaults:1 | Mangled by a yaktaur captain

Illustrated notes

Levels and vault maps discovered:
D:1:      ncdulo_watergridlock, layout_loops_corners, minmay_misc_feat_enclosed
D:2:      layout_rooms, serial_shops, nicolae_shop_tiny_statue_garden,
          st_stairs_5, columned_hall_lemuel, nicolae_titane
D:3:      gammafunk_steamed_eel, layout_loops_ring, serial_shops,
          nicolae_shop_rolling_square
D:4:      minmay_door_path, layout_rooms, temple_doors_ab,
          kennysheep_generic_room_2, uniq_robin
D:5:      layout_loops_corners
D:6:      layout_loops_corners, gammafunk_temple_overflow_arena,
          kennysheep_slug_shrine, tgw_xom, ebering_ghost_inner_flame,
          nicolae_shop_distant_corner_stores, nicolae_half_adder
D:7:      layout_rooms, serial_shops, nicolae_shop_behind_doors
D:8:      layout_rooms, regret_index_kikubaaqudgha_part_by_part, uniq_joseph,
          uniq_psyche
D:9:      minmay_cut_squares, layout_rooms, tso_metal_star, enter_bailey_4
D:10:     layout_stronghold, tgw_trog, serial_shops, nicolae_shop_behind_doors,
          serial_library_hellmonk_room_a, hangedman_corner_corridor, uniq_sonja,
          uniq_snorg
D:11:     layout_basic
D:12:     layout_loops_corners, david_orc_3, serial_rivers,
          chequers_serial_rivers_micro_b, chequers_serial_rivers_room_b,
          chequers_serial_rivers_marsh, chequers_serial_rivers_marsh,
          portal_ice_cave_entry_pillars_1, uniq_lodul
D:13:     layout_loops_ring, grunt_ministairs_6, hangedman_abyss_or_decor_stabs,
          uniq_nessos, uniq_rupert
D:14:     layout_loops_ring, david_vaults_3, abandoned_shop,
          kennysheep_windowed_goal
D:15:     hangedman_depths_entry_try_elsewhere_first, layout_loops_ring,
          elyvilon_altar_5, glass_columns_a, uniq_louise
Lair:1:   layout_misc_corridors
Lair:2:   layout_roguey, spider_nest_entry_rubble, lemuel_fruit_tree,
          grunt_megastairs_1, infiniplex_staircase_pool, uniq_harold
Lair:3:   layout_roguey, swamp_mist
Lair:4:   layout_cellular_growth, dpeg_slime_entry_enclosed
Lair:5:   minmay_lair_end_enchanted_forest, layout_hall_layers,
          grunt_megastairs_4, infiniplex_staircase_pool_2
Swamp:1:  layout_basic_swamp, evilmike_swamp_ruin_rubble_2, swamp_pool_1_2,
          hangedman_swamp_diagram, nicolae_swamp_long_stream
Swamp:2:  layout_basic_swamp, hangedman_swamp_lotus
Swamp:3:  layout_falls_marsh, nicolae_swamp_some_circles
Swamp:4:  swamp_icy, layout_basic_swamp, ebering_ghost_reflecting_pool,
          swamp_pool_5, grunt_lady_of_the_lake
Spider:1: layout_cave_pods, nicolae_spider_swamp_cousins, uniq_donald,
          uniq_asterion
Orc:1:    layout_caves, serial_shops, nicolae_shop_stone
Orc:2:    grunt_orc_gardens, layout_caves, grunt_orc_garden, grunt_orc_garden,
          grunt_orc_garden, grunt_orc_garden, gauntlet_entry_generic,
          serial_shops, nicolae_shop_hallway_stairs, nicolae_orc_found_a_spring,
          nicolae_orc_hostile_takeover, mines1_david
Vaults:1: nicolae_vaults_six-pack, vaults_room_corners, dpeg_vaults_monster_row,
          nicolae_vaults_mini_display_case, nicolae_vaults_trapezoid_4,
          nicolae_vaults_more_shelving_2, nicolae_vaults_tetromino_L_1,
          layout_vaults_omnigrid

Skill      XL: |  1  2  3  4  5  6  7  8  9 10 11 12 13 14 15 16 17 |
---------------+----------------------------------------------------+-----
Maces & Flails | 4 5 6 7 9 12 14 16 18 20 | 20.1
Fighting       | 5 6 7 9 10 12 15 17 20 22 | 22.6
Armour         | 3 5 7 9 10 | 10.8
Dodging        | 4 6 8 9 10 11 | 11.2

Action                     |  1- 3 |  4- 6 |  7- 9 | 10-12 | 13-15 | 16-18 || total
---------------------------+-------+-------+-------+-------+-------+-------++-------
  Melee: Mace              |    15 |       |       |       |       |       ||    15
         Whip              |    70 |   190 |   323 |       |       |       ||   583
         Headbutt          |    14 |    21 |    57 |   116 |   277 |   145 ||   630
         Morningstar       |       |       |    43 |   584 |  1130 |   269 ||  2026
         Giant spiked club |       |       |       |       |       |   294 ||   294
  Throw: Stone             |     2 |     4 |     8 |       |       |       ||    14
         Boomerang         |       |       |     2 |    26 |    55 |    82 ||   165
         Throwing net      |       |       |     2 |       |       |       ||     2
         Dart              |       |       |       |     1 |       |       ||     1
         Large rock        |       |       |       |     2 |       |     2 ||     4
 Invoke: Berserk           |     1 |     6 |    12 |    11 |     8 |     8 ||    46
         Trog's Hand       |       |     2 |     4 |     6 |    10 |     8 ||    30
         Brothers in Arms  |       |       |       |     1 |     4 |     3 ||     8
  Evoke: Wand              |       |     4 |     1 |     9 |       |       ||    14
         Lightning rod     |       |       |       |     6 |     4 |     8 ||    18
         Gell's gravitambo |       |       |       |       |     2 |     1 ||     3
         Condenser vane    |       |       |       |       |       |     1 ||     1
    Use: Scroll            |     5 |     5 |     4 |     8 |    11 |     6 ||    39
         Potion            |       |     1 |     1 |     8 |     1 |     5 ||    16
   Stab: Sleeping          |     2 |       |       |       |       |       ||     2
         Distracted        |       |       |       |       |     2 |       ||     2
 Armour: Animal skin       |    51 |   137 |   174 |       |       |       ||   362
         Robe              |       |       |    44 |   267 |       |       ||   311
         Skin              |       |       |       |    15 |       |       ||    15
         Acid dragon scale |       |       |       |   162 |   630 |   435 ||  1227
         Ice dragon scales |       |       |       |       |       |   112 ||   112
         Swamp dragon scal |       |       |       |       |       |   108 ||   108
  Dodge: Dodged            |    37 |    61 |   100 |   185 |   333 |   257 ||   973
  Block: Kite shield       |       |       |    11 |   390 |   530 |   138 ||  1069
         Reflection        |       |       |     1 |    29 |    19 |     1 ||    50
         Other             |       |       |       |       |       |     3 ||     3

Table legend: (Time is in decaauts)
 A = Elapsed time spent in this place.
 B = Non-inter-level travel time spent in this place.
 C = Inter-level travel time spent in this place.
 D = Time resting spent in this place.
 E = Time spent auto-exploring this place.
 F = Levels seen in this place.
 G = Mean time per level.
                   A        B        C        D        E       F      G
               +--------+--------+--------+--------+--------+-----+--------+
         Total |  38188 |  36027 |   2161 |   9469 |  19311 |  31 | 1231.9 |
       Dungeon |  17850 |  16575 |   1275 |   2952 |  10346 |  15 | 1190.0 |
          Lair |   8745 |   8302 |    443 |   2377 |   4523 |   5 | 1749.0 |
         Swamp |   6219 |   5909 |    310 |   2205 |   2625 |   4 | 1554.8 |
   Spider Nest |     87 |     87 |      0 |      0 |      0 |   1 |   87.0 |
  Orcish Mines |   1820 |   1689 |    131 |    230 |    977 |   2 |  910.0 |
        Vaults |    227 |    227 |      0 |      8 |    157 |   1 |  227.0 |
        Bailey |    668 |    668 |      0 |    314 |    100 |   1 |  668.0 |
      Ice Cave |   1696 |   1696 |      0 |    928 |    377 |   1 | 1696.0 |
      Gauntlet |    871 |    871 |      0 |    452 |    206 |   1 |  871.0 |
               +--------+--------+--------+--------+--------+-----+--------+

Top non-repeatable levels by time:
  Lair:2: 2598 daAuts
 Swamp:4: 2237 daAuts
  Lair:5: 1911 daAuts
    D:10: 1820 daAuts
     D:6: 1818 daAuts
   IceCv: 1696 daAuts
  Lair:3: 1635 daAuts
 Swamp:2: 1523 daAuts
    D:12: 1487 daAuts
     D:5: 1443 daAuts
    D:14: 1374 daAuts
 Swamp:1: 1358 daAuts
     D:8: 1332 daAuts
   Orc:2: 1316 daAuts
  Lair:1: 1312 daAuts
